 Dungeon Crawl Stone Soup version 0.29-a0-998-g1987434951 (webtiles) character file.

Game seed: 1754403904169246587

11547 Anon1729 the Torchbearer (level 11, 0/97 HPs)
             Began as a Minotaur Monk on Aug 5, 2022.
             Was an Initiate of Yredelemnul.
             Slain by a boulder beetle (30 damage)
             ... on level 11 of the Dungeon.
             The game lasted 00:10:23 (9478 turns).

Anon1729 the Torchbearer (Minotaur Monk)            Turns: 9478, Time: 00:10:24

Health: 0/97       AC: 10    Str: 20    XL:     11   Next: 50%
Magic:  17/17      EV: 14    Int:  7    God:    Yredelemnul [......]
Gold:   655        SH:  0    Dex: 13    Spells: 10/10 levels left

rFire   + . .      SeeInvis .   r - +1 demon whip (venom)
rCold   + . .      Faith    .   (no shield)
rNeg    + . .      Spirit   .   m - +0 ring mail
rPois   .          Reflect  .   (helmet restricted)
rElec   .          Harm     .   J - scarf {rC+ rF+}
rCorr   .          Rampage  .   (no gloves)
Will    .....                   (no boots)
Stlth   +.........              s - amulet of regeneration
HPRegen 1.06/turn               u - +4 ring of protection
MPRegen 0.15/turn               F - ring of positive energy

@: about to teleport
A: horns 2, retaliatory headbutt
a: Renounce Religion, Recall Undead Harvest


You were on level 11 of the Dungeon.
You worshipped Yredelemnul.
Yredelemnul was aware of your devotion.
You visited 1 branch of the dungeon, and saw 11 of its levels.
You visited the Abyss 1 time.
You also visited: Sewer.

You collected 655 gold pieces.

Inventory:

Hand Weapons
 c - a +2 quarterstaff of chaos
 r - a +1 demon whip of venom (weapon)
Missiles
 D - 2 throwing nets (quivered)
Armour
 m - a +0 ring mail (worn)
 J - a scarf of resistance (worn)
Jewellery
 s - an amulet of regeneration (around neck)
 u - a +4 ring of protection (left hand)
 x - a ring of poison resistance
 F - a ring of positive energy (right hand)
 I - a ring of fire
 O - a ring of fire
Wands
 y - a wand of flame (18)
 B - a wand of acid (17)
 L - a wand of digging (2)
 M - a wand of charming (5)
 N - a wand of mindburst (2)
Scrolls
 d - 3 scrolls of teleportation
 o - 3 scrolls of immolation
 t - a scroll of enchant armour
 v - 3 scrolls of blinking
 C - a scroll of magic mapping
 H - 2 scrolls of vulnerability
Potions
 f - 5 potions of might {unknown}
 g - 2 potions of lignification {unknown}
 h - 2 potions of mutation {unknown}
 i - 3 potions of haste {unknown}
 j - 3 potions of heal wounds {unknown}
 k - 3 potions of attraction {unknown}
 l - 2 potions of cancellation
 p - 3 potions of magic {unknown}
 q - 4 potions of curing
 w - 2 potions of flight {unknown}
 z - 3 potions of brilliance {unknown}
 A - 3 potions of resistance {unknown}
 E - a potion of berserk rage {unknown}
 G - a potion of degeneration {unknown}


   Skills:
 + Level 9.6 Fighting
 - Level 6.2(8.3) Axes
 + Level 8.4(9.4) Maces & Flails
 + Level 8.7 Armour
 + Level 8.8 Dodging
 - Level 1.5 Stealth
 * Level 10.4 Invocations


You had 10 spell levels left.
You didn't know any spells.
Your spell library contained the following spells:

 Spells                   Type           Power      Damage    Failure   Level
 Foxfire                  Conj/Fire      0%         2x1d4     56%         1
 Freeze                   Ice            0%         1d3       56%         1
 Necrotise                Necr           0%         1d4       56%         1
 Blink                    Tloc           0%         N/A       71%         2
 Sublimation of Blood     Necr           0%         N/A       71%         2
 Wereblood                Tmut           0%         N/A       71%         2
 Confusing Touch          Hex            0%         N/A       91%         3
 Frozen Ramparts          Ice            0%         1d8       91%         3
 Lesser Beckoning         Tloc           0%         N/A       91%         3
 Stone Arrow              Conj/Erth      0%         3d7       91%         3
 Anguish                  Hex/Necr       0%         N/A       100%        4
 Animate Armour           Summ/Erth      0%         N/A       100%        4
 Ice Form                 Ice/Tmut       0%         N/A       100%        4
 Petrify                  Tmut/Erth      0%         N/A       100%        4
 Summon Ice Beast         Ice/Summ       0%         N/A       100%        4
 Irradiate                Conj/Tmut      0%         3d11      100%        5
 Manifold Assault         Tloc           0%         N/A       100%        5
 Enfeeble                 Hex            0%         N/A       100%        7
 Malign Gateway           Summ/Tloc      0%         N/A       100%        7
 Summon Hydra             Summ           0%         N/A       100%        7
 Lehudib's Crystal Spear  Conj/Erth      0%         10d2      100%        8
 Summon Horrible Things   Summ           0%         N/A       100%        8
 Simulacrum               Ice/Necr       Unusable   N/A       N/A         6

Dungeon Overview and Level Annotations

Branches:
Dungeon (11/15)            Temple (0/1) D:4            Lair (0/5) D:8
    Orc (0/2) D:10          Sewer (visited)

Altars:
Ashenzari
Cheibriados
Hepliaklqana
Kikubaaqudgha
Makhleb
Nemelex Xobeh
Qazlal
Sif Muna
Trog
Uskayaw
Vehumet
Yredelemnul

Shops:
D:6 *[

Annotations:
D:8 1 runed translucent door, Anon1729's ghost, novice MiMo
D:10 3 runed translucent doors, Finra's ghost, journeyman MiFi


Innate Abilities, Weirdness & Mutations

You have a pair of horns on your head.
You reflexively headbutt those who attack you in melee.


Message History

The seven-headed hydra bites you but does no damage.
The seven-headed hydra bites you. The seven-headed hydra bites you!
The seven-headed hydra bites you but does no damage.
The seven-headed hydra barely misses you.
The seven-headed hydra bites you but does no damage.
The seven-headed hydra bites you.
You are too injured to fight recklessly!
You are too injured to fight recklessly!
You are too injured to fight recklessly!
You are too injured to fight recklessly!
You are too injured to fight recklessly!
You are too injured to fight recklessly!
You hit the seven-headed hydra.
The seven-headed hydra is severely wounded.
The seven-headed hydra bites you! The seven-headed hydra bites you.
* * * LOW HITPOINT WARNING * * *
The seven-headed hydra bites you.
* * * LOW HITPOINT WARNING * * *
The seven-headed hydra bites you!
* * * LOW HITPOINT WARNING * * *
The seven-headed hydra bites you.
* * * LOW HITPOINT WARNING * * *
The seven-headed hydra closely misses you.
The seven-headed hydra barely misses you.
Blink to where?
Press: ? - help, Dir - move target, p - seven-headed hydra
As you read the scroll of blinking, it crumbles to dust.
v - 3 scrolls of blinking (gained 1)
Okay, then.
Aiming: Charm
Press: ? - help, Shift-Dir - straight line, f - seven-headed hydra
Aim: a seven-headed hydra (severely wounded, chance to affect: 17%)
Okay, then.
A boulder beetle comes into view.
The boulder beetle curls into a ball and begins rolling!
As you read the scroll of teleportation, it crumbles to dust.
You feel strangely unstable.
You feel better. The boulder beetle hits you!!
You die...
Your body rises from the dead as a mindless zombie.

..# #.# #.# #.# .°#
#°# #. #B# . #@#
.### #.# ... #.#
..# #D# #.# #.# #.#
#.# #.#######.###.#
#.<..D........#
#.............#####


You could see a boulder beetle (rolling) and a seven-headed hydra.

Vanquished Creatures
  Josephine (D:10)
  Erolcha (D:9)
  Pikel (D:6)
  A komodo dragon (D:8)
  A troll (D:9)
  2 hornets (D:9)
  A shadow (D:9)
  6 wraiths
  2 wyverns
  11 yaks (D:10)
  Edmund (D:4)
  4 water moccasins
  2 sky beasts (D:6)
  2 ice beasts
  10 orc warriors
  2 ogres
  2 centaurs
  A lemure (D:6)
  3 phantoms
  2 bullfrogs
  3 kobold brigands
  2 gnoll sergeants
  A scorpion (D:5)
  4 wights (D:8)
  17 killer bees
  A howler monkey (D:9)
  5 hounds
  A jelly (D:5)
  Crazy Yiuf (D:2)
  11 orc priests
  A gnoll bouda (D:7)
  2 iguanas
  7 orc wizards
  15 gnolls
  7 adders
  A shadow imp (D:6)
  3 white imps
  2 ufetubi (D:6)
  A worm (D:6)
  26 orcs
  7 bats
  6 endoplasms
  A giant cockroach (D:1)
  6 goblins
  3 hobgoblins
  6 jackals
  4 quokkas
  3 ball pythons
  A frilled lizard (D:1)
  17 kobolds
  11 rats
  A spectral goblin (D:2)
233 creatures vanquished.

Vanquished Creatures (collateral kills)
  A vampire (D:10)
  A yak (D:10)
  A water moccasin (D:7)
  An ice beast (D:5)
  A black bear (D:6)
  A necrophage (D:6)
  4 wights (D:7)
  A killer bee (D:10)
  An iguana (D:6)
  3 orc wizards (D:9)
  A worm (D:6)
  4 orcs
  5 kobolds (D:9)
25 creatures vanquished.

Vanquished Creatures (others)
  A centaur zombie (D:6)
  An ogre zombie (D:9)
  4 killer bee zombies
  An ice beast zombie (D:8)
  4 adder zombies (D:2)
  5 bat zombies
  4 gnoll zombies
  2 ball python zombies (D:2)
  An endoplasm zombie (D:2)
  6 kobold zombies
  14 orc zombies
  A spectral ufetubus (D:6)
  9 plants (D:8)
53 creatures vanquished.

Grand Total: 311 creatures vanquished

Notes
Turn   | Place    | Note
-------+----------+-------------------------------------------
     0 | D:1      | Anon1729 the Minotaur Monk began the quest for the Orb.
     0 | D:1      | Reached XP level 1. HP: 19/19 MP: 0/0
   109 | D:1      | Reached XP level 2. HP: 19/27 MP: 1/1
   396 | D:1      | Reached skill level 1 in Armour
   871 | D:1      | Reached XP level 3. HP: 33/33 MP: 2/2
  1231 | D:2      | Found a faded altar of an unknown god.
  1240 | D:2      | Prayed at the altar of an unknown god.
  1240 | D:2      | Became a worshipper of Yredelemnul the Dark
  1240 | D:2      | Reached * piety under Yredelemnul
  1240 | D:2      | Reached ** piety under Yredelemnul
  1458 | D:2      | Found a runed translucent door.
  1459 | D:2      | Noticed Crazy Yiuf
  1817 | D:2      | Killed Crazy Yiuf
  2055 | D:2      | Reached XP level 4. HP: 37/40 MP: 3/3
  2095 | D:2      | Reached skill level 1 in Invocations
  2752 | D:3      | Reached skill level 5 in Axes
  2752 | D:3      | Reached XP level 5. HP: 46/46 MP: 5/5
  3090 | D:4      | Reached skill level 2 in Invocations
  3239 | D:4      | Noticed a phantom
  3248 | D:4      | Killed a phantom
  3249 | D:4      | Reached XP level 6. HP: 47/53 MP: 6/6
  3438 | D:4      | Noticed Edmund
  3443 | D:4      | Reached skill level 1 in Maces & Flails
  3453 | D:4      | Reached skill level 3 in Invocations
  3457 | D:4      | Killed Edmund
  3458 | D:4      | Reached skill level 5 in Fighting
  3458 | D:4      | Reached XP level 7. HP: 36/61 MP: 8/8
  3585 | D:4      | Found a staircase to the Ecumenical Temple.
  3666 | D:5      | Entered Level 5 of the Dungeon
  3666 | D:5      | Found a stormy altar of Qazlal.
  3666 | D:5      | Found a radiant altar of Vehumet.
  3666 | D:5      | Found a shimmering blue altar of Sif Muna.
  3669 | D:5      | Found a snail-covered altar of Cheibriados.
  3851 | D:5      | Reached skill level 4 in Invocations
  4072 | D:5      | Reached skill level 5 in Dodging
  4100 | D:5      | Reached XP level 8. HP: 60/69 MP: 10/10
  4307 | D:5      | Found a bloodstained altar of Trog.
  4581 | D:6      | Found a glowing drain.
  4596 | D:6      | Reached skill level 5 in Invocations
  4603 | Sewer    | Entered a sewer
  5075 | D:6      | Found Cunas's Gadget Gallery.
  5125 | D:6      | Reached skill level 5 in Armour
  5148 | D:6      | Reached skill level 6 in Invocations
  5217 | D:6      | Noticed Pikel
  5220 | D:6      | Reached *** piety under Yredelemnul
  5233 | D:6      | Killed Pikel
  5234 | D:6      | Reached skill level 5 in Maces & Flails
  5234 | D:6      | Reached XP level 9. HP: 62/78 MP: 12/12
  5309 | D:6      | Found Pydig's Antique Armour Emporium.
  5572 | D:7      | Reached skill level 7 in Invocations
  5667 | D:7      | Found an ancient bone altar of Kikubaaqudgha.
  6358 | D:8      | Reached XP level 10. HP: 70/88 MP: 14/14
  6377 | D:8      | Reached skill level 8 in Invocations
  6670 | D:8      | Found a burning altar of Makhleb.
  6677 | D:8      | Found a sparkling altar of Nemelex Xobeh.
  6689 | D:8      | Found a broken altar of Ashenzari.
  6948 | D:8      | Found a staircase to the Lair.
  7042 | D:8      | Found a runed translucent door.
  7042 | D:8      | Noticed Anon1729's ghost (novice MiMo)
  7043 | D:8      | Noticed a catoblepas
  7278 | D:9      | Found a hide-covered altar of Uskayaw.
  7278 | D:9      | Found a hazy altar of Hepliaklqana.
  7596 | D:9      | Noticed Erolcha
  7598 | Abyss:2  | Cast into level 2 of the Abyss (Erolcha)
  7612 | D:9      | Escaped the Abyss
  7621 | D:9      | Killed Erolcha
  7622 | D:9      | Reached skill level 9 in Invocations
  7872 | D:9      | Got the Textbook on Congealing Imprecation
  8096 | D:9      | Your ally Erolcha died
  8144 | D:9      | Identified the +1 whip "Nodufame" {holy, Int+5 SInv}
  8477 | D:10     | Entered Level 10 of the Dungeon
  8486 | D:10     | Noticed Josephine
  8543 | D:9      | Reached XP level 11. HP: 91/96 MP: 17/17
  8591 | D:10     | Killed Josephine
  8659 | D:10     | Reached skill level 10 in Invocations
  8724 | D:10     | Found a staircase to the Orcish Mines.
  8913 | D:10     | Reached **** piety under Yredelemnul
  8977 | D:10     | Got An Introduction to Incantation
  9002 | D:10     | Reached ***** piety under Yredelemnul
  9018 | D:10     | Found a runed translucent gate.
  9018 | D:10     | Found a runed translucent gate.
  9018 | D:10     | Found a runed translucent gate.
  9019 | D:10     | Noticed Finra's ghost (journeyman MiFi)
  9298 | D:10     | Reached ****** piety under Yredelemnul
  9454 | D:11     | Noticed a seven-headed hydra
  9474 | D:11     | Noticed a boulder beetle
  9478 | D:11     | Slain by a boulder beetle

Illustrated notes

Levels and vault maps discovered:
D:1:      dpeg_arrival_tiny_g, layout_basic
D:2:      minmay_chambers_of_ones, layout_basic,
          dreamdust_ecumenical_altar_drowned_temple, uniq_crazy_yiuf_cottage
D:3:      layout_basic
D:4:      layout_basic, minmay_temple_entry_tees, minivault_23, uniq_edmund
D:5:      layout_basic, grunt_temple_overflow_open,
          mainiacjoe_overflow_brackets, nrook_campfire, lemuel_old_faithful
D:6:      layout_cave_pools, cheibrodos_sewer_entry_sluice, serial_shops,
          nicolae_shop_hallway_plus, nicolae_shop_gadgets, uniq_pikel
D:7:      layout_basic, nicolae_overflow_crystal_walls, hangedman_decor_push,
          chequers_serial_rivers_micro_c, grunt_ministairs_14,
          hangedman_abyss_or_decor_lesser_grid
D:8:      layout_loops_ring, mainiacjoe_overflow_alcove_4, lemuel_tele_altar,
          nemelex_xobeh_ov_fountains_minmay, david_lair_shrubbed,
          ebering_ghost_inner_flame
D:9:      layout_long_grid, gammafunk_temple_overflow_elements,
          minmay_increasing_density, uniq_erolcha
D:10:     layout_roguey, david_orc_4, gammafunk_ghost_nasty_kobolds,
          uniq_josephine
D:11:     layout_loops_ring

Skill      XL: |  1  2  3  4  5  6  7  8  9 10 11 |
---------------+----------------------------------+-----
Axes           | 4 5 6 |  6.2
Armour         | 1 2 3 4 5 6 8 |  8.7
Fighting       | 4 5 6 7 9 |  9.6
Invocations    | 1 2 3 4 6 7 9 10 | 10.4
Dodging        | 4 5 6 7 8 |  8.8
Maces & Flails | 1 3 5 6 7 8 |  8.4
Stealth        | |  1.5

Action                   |  1- 3 |  4- 6 |  7- 9 | 10-12 || total
-------------------------+-------+-------+-------+-------++-------
Melee: Hand axe          |    70 |    61 |       |       ||   131
       Headbutt          |     9 |    18 |    51 |    85 ||   163
       Punch             |     2 |       |     2 |     6 ||    10
       Demon whip        |       |    33 |   234 |   378 ||   645
Evoke: Wand              |       |       |       |     1 ||     1
  Use: Potion            |     3 |       |       |     1 ||     4
       Scroll            |       |       |     4 |     5 ||     9
 Stab: Sleeping          |     1 |       |     1 |       ||     2
       Distracted        |       |     2 |     1 |     2 ||     5
Armor: Robe              |    11 |       |       |       ||    11
       Ring mail         |     5 |    21 |    79 |    86 ||   191
Dodge: Dodged            |    48 |    54 |   131 |   220 ||   453

Table legend: (Time is in decaauts)
 A = Elapsed time spent in this place.
 B = Non-inter-level travel time spent in this place.
 C = Inter-level travel time spent in this place.
 D = Time resting spent in this place.
 E = Time spent auto-exploring this place.
 F = Levels seen in this place.
 G = Mean time per level.
                   A        B        C        D        E       F      G
               +--------+--------+--------+--------+--------+-----+--------+
         Total |   9379 |   8982 |    397 |    296 |   7245 |  13 |  721.5 |
       Dungeon |   8987 |   8590 |    397 |    296 |   6908 |  11 |  817.0 |
         Abyss |     13 |     13 |      0 |      0 |      5 |   1 |   13.0 |
         Sewer |    378 |    378 |      0 |      0 |    332 |   1 |  378.0 |
               +--------+--------+--------+--------+--------+-----+--------+

Top non-repeatable levels by time:
     D:2: 1295 daAuts
     D:9: 1282 daAuts
     D:1: 1060 daAuts
     D:5: 907 daAuts
     D:8: 893 daAuts
    D:10: 870 daAuts
     D:7: 836 daAuts
     D:3: 749 daAuts
     D:4: 578 daAuts
     D:6: 491 daAuts
   Sewer: 378 daAuts
    D:11: 21 daAuts
 Abyss:2: 13 daAuts
